 Dungeon Crawl Stone Soup version 0.32-a0-747-gc8563f6773 (webtiles) character file.

Game seed: 6095009087822238325

6259 cforsyth the Cleaver (level 10, -2/90 HPs)
             Began as a Mountain Dwarf Cinder Acolyte on Mar 17, 2024.
             Was a High Priest of Ignis.
             Slain by a yak (13 damage)
             ... on level 7 of the Dungeon.
             The game lasted 00:18:17 (12248 turns).

cforsyth the Cleaver (MDCA)                        Turns: 12248, Time: 00:18:18

Health: -2/90      AC: 16    Str: 20    XL:     10   Next: 62%
Magic:  19/19      EV:  5    Int: 16    God:    Ignis [*****.]
Gold:   69         SH:  0    Dex:  9    Spells: 19/21 levels left

rFire   + . .        a - +0 war axe (flame)
rCold   + . .        (no shield)
rNeg    . . .        y - +0 plate armour
rPois   +            (no helmet)
rElec   +            t - +0 cloak
rCorr   .            w - +0 pair of gloves
SInv    +            (no boots)
Will    +....        (no amulet) Stlth
                     b - ring of Faen {rElec rPois Dex+4 Slay+3 SInv}
HPRegen 0.35/turn    C - ring of protection from cold
MPRegen 0.16/turn

%: no passive effects
@: no status effects
A: runic magic, artefact enchanting
a: Renounce Religion, Fiery Armour, Foxfire Swarm, Rising Flame


You were on level 7 of the Dungeon.
You worshipped Ignis.
Ignis was extremely pleased with you.
You visited 1 branch of the dungeon, and saw 8 of its levels.
You also visited: Sewer.

You collected 423 gold pieces.
You spent 354 gold pieces at shops.


Innate Abilities, Weirdness & Mutations

Your spellcasting is much less encumbered by armour.
You can use scrolls of enchantment on lesser artefacts.


   Skills:
 + Level 8.6 Fighting
 + Level 9.5 Axes
 + Level 7.8 Armour
 + Level 6.0 Spellcasting
 + Level 9.4 Fire Magic


You had 19 spell levels left.
You knew the following spells:

 Your Spells              Type           Power      Damage    Failure   Level
X - Scorch                Fire           70%        2d7       1%          2

Your spell library contained the following spells:

 Spells                   Type           Power      Damage    Failure   Level
 Foxfire                  Conj/Fire      80%        2x1d8     4%          1
 Apportation              Tloc           8%         N/A       28%         1
 Freeze                   Ice            16%        1d4       28%         1
 Slow                     Hex            16%        N/A       28%         1
 Call Imp                 Summ           8%         N/A       41%         2
 Ensorcelled Hibernation  Hex/Ice        8%         N/A       41%         2
 Jinxbite                 Hex            8%         N/A       41%         2
 Sublimation of Blood     Necr           4%         N/A       41%         2
 Confusing Touch          Hex            4%         N/A       65%         3
 Frozen Ramparts          Ice            8%         1d2       65%         3
 Hailstorm                Conj/Ice       4%         3d5       65%         3
 Passwall                 Erth           4%         N/A       65%         3
 Swiftness                Air            4%         N/A       65%         3
 Vampiric Draining        Necr           4%         2d6       65%         3
 Plasma Beam              Fire/Air       10%        2x1d21    99%         6
 Starburst                Conj/Fire      10%        6d5       99%         6
 Alistair's Intoxication  Alch           2%         N/A       100%        5
 Summon Hydra             Summ           2%         N/A       100%        7

Inventory:

Hand Weapons
 a - a +0 war axe of flaming (weapon)
 p - a -1 hand axe of flaming
Armour
 f - the +0 helmet of the Lusting Gods {rF- rC+ Will+}
   (You bought it in a shop on level 8 of the Dungeon)

   rF-:       It makes you vulnerable to fire.
   rC+:       It protects you from cold.
   Will+:     It increases your willpower.
 t - a +0 cloak (worn)
 w - a +0 pair of gloves (worn)
 y - a +0 plate armour (worn)
Magical Staves
 B - a staff of air {!a}
Jewellery
 b - the ring of Faen (left hand) {rElec rPois Dex+4 Slay+3 SInv}
   (You found it on level 4 of the Dungeon)

   [ring of see invisible]

   Dex+4:     It affects your dexterity (+4).
   Slay+3:    It affects your accuracy & damage with ranged weapons and melee
   (+3).
   rElec:     It insulates you from electricity.
   rPois:     It protects you from poison.
   SInv:      It lets you see invisible.
 v - a ring of see invisible
 C - a ring of protection from cold (right hand)
 N - a ring of positive energy
Wands
 n - a wand of digging (6)
 x - a wand of flame (18)
 E - a wand of warping (7)
Scrolls
 g - 2 scrolls of butterflies
 j - 2 scrolls of immolation
 k - a scroll of blinking
 m - 2 scrolls of teleportation {@r2}
 o - a scroll of poison
 D - a scroll of identify {@r1}
Potions
 c - 4 potions of curing {@q1}
 d - 4 potions of brilliance
 e - a potion of enlightenment
 h - 2 potions of berserk rage {!q}
 i - 5 potions of heal wounds {@q2}
 l - a potion of resistance
 q - 3 potions of attraction
 r - a potion of haste {@q3}
 s - 2 potions of lignification
 u - a potion of ambrosia
 z - 2 potions of mutation
 A - a potion of cancellation

Dungeon Overview and Level Annotations

Branches:
Dungeon (8/15)             Temple (0/1) D:7           Sewer (visited)
   Lair: D:8-11

Altars:
Elyvilon
Kikubaaqudgha
Nemelex Xobeh

Shops:
D:3 !   D:5 *   D:6 (   D:8 [

Annotations:
D:4 3 runed translucent doors, Lightli's ghost, amateur DrAr

#####[..##
#....#.#▒▒.▒▒##
##+##
#..###.##....# #.#
#......###...#
#.###### ##.#####
##..# ##......# #.#
##.# ##...###.# #.#
#.# #.....##.# #.#
#.#####
#####...###.#####>#
#...... ......#[#
#.....@Y# #######
#####.)># #########
##)## #.# #.# #.#
#.# ####.###
#......############
######


You could see a yak.


Message History

You barely miss the yak.
The yak is severely wounded.
You hit the yak but do no damage. The yak barely misses you. The yak gores you.
* * * LOW HITPOINT WARNING * * *
You closely miss the yak.
The yak is severely wounded.
You hit the yak. You burn the yak. The yak gores you!
* * * LOW HITPOINT WARNING * * *
The yak gores you but does no damage.
Unknown command.
You hit the yak. You burn the yak.
The yak is almost dead.
You slash the yak! You burn the yak.
You kill the yak!
The yak gores you.
* * * LOW HITPOINT WARNING * * *
Unknown command.
The yak gores you!
* * * LOW HITPOINT WARNING * * *
Things that are here:
a +0 leather armour; a +0 club; a yak corpse You barely miss the yak.
The yak is almost dead.
The yak gores you!
* * * LOW HITPOINT WARNING * * *
You hit the yak but do no damage.
The yak is almost dead.
The yak gores you!
You die...
Ignis goes out, and joins you in death.

Skill      XL: |  1  2  3  4  5  6  7  8  9 10 |
---------------+-------------------------------+-----
Armour         | 1 2 3 4 5 6 7 |  7.8
Fire Magic     | 4 5 6 7 8 9 |  9.4
Axes           | 4 5 6 7 8 9 |  9.5
Fighting       | 4 5 6 7 8 |  8.6
Spellcasting   | 2 3 4 5 6 |  6.0

Action                     |  1- 3 |  4- 6 |  7- 9 | 10-12 || total
---------------------------+-------+-------+-------+-------++-------
  Melee: Hand axe          |    57 |    38 |    20 |       ||   115
         War axe           |       |       |    36 |    16 ||    52
   Cast: Scorch            |    11 |    51 |   252 |    49 ||   363
    Use: Scroll            |       |       |    18 |       ||    18
 Armour: Robe              |    45 |     1 |       |       ||    46
         Chain mail        |       |    99 |    97 |       ||   196
         Plate armour      |       |       |   149 |    50 ||   199
  Dodge: Dodged            |    52 |    36 |    74 |    11 ||   173

Levels and vault maps discovered:
D:1:      noname_arrival_rooms_in_the_neighbourhood, layout_loops_corners,
          serial_forest, infiniplex_forest_lined_2, infiniplex_forest_lined_2,
          infiniplex_forest_end_3, infiniplex_forest_side_room,
          infiniplex_forest_clump_C, infiniplex_forest_clump_C,
          infiniplex_forest_lined_3, infiniplex_forest_clump_cross,
          infiniplex_forest_lined_room_,
          hellmonk_ecumenical_altar_inner_sanctum, ebering_dispersal_statue_hall
D:2:      layout_rooms, uniq_sigmund
D:3:      layout_basic, serial_shops, nicolae_shop_hallway_stairs,
          kennysheep_generic_room_2
D:4:      layout_loops_cross, mainiacjoe_overflow_tiny_flanked,
          lemuel_crystal_altar, gammafunk_ghost_necromancy
D:5:      layout_cave_pools, nemelex_spade_bored_becter, nicolae_shop_gadgets
D:6:      layout_cave_pods, cheibrodos_sewer_entry_bend,
          nicolae_wooded_promenade, uniq_grinder
D:7:      layout_loops_corners, minmay_temple_entry_gardened_gates, uniq_maurice
D:8:      lemuel_castle_with_subvaults [lemuel_castle_interior_original],
          layout_cave_pools, serial_column_ruins, column_ruins_square_small,
          column_ruins_square_medium, column_ruins_open_tiny,
          column_ruins_open_small, column_ruins_open_tiny,
          column_ruins_columns_water, column_ruins_columns_corner,
          column_ruins_open_small, serial_shops, nicolae_shop_hallway_stairs,
          uniq_grum

Notes
Turn   | Place    | Note
-------+----------+-------------------------------------------
     0 | D:1      | cforsyth the Mountain Dwarf Cinder Acolyte began the quest
                  | for the Orb.
     0 | D:1      | Reached XP level 1. HP: 19/19 MP: 2/2
   419 | D:1      | Reached XP level 2. HP: 23/26 MP: 3/3
  1075 | D:1      | Found a faded altar of an unknown god.
  1126 | D:2      | Noticed Sigmund
  1145 | D:1      | Learned a level 2 spell: Scorch
  1202 | D:2      | Reached skill level 1 in Armour
  1360 | D:1      | Reached skill level 4 in Fire Magic
  1391 | D:2      | Reached XP level 3. HP: 25/31 MP: 0/5
  1456 | D:2      | Reached skill level 4 in Axes
  1526 | D:2      | Killed Sigmund
  1527 | D:2      | Reached skill level 4 in Fighting
  1527 | D:2      | Reached skill level 2 in Armour
  1527 | D:2      | Reached skill level 2 in Spellcasting
  1527 | D:2      | Reached XP level 4. HP: 37/40 MP: 1/7
  1527 | D:2      | Reached XP level 5. HP: 43/46 MP: 1/8
  2442 | D:3      | Found Zigagaza's Distillery.
  2779 | D:3      | Bought a potion of heal wounds for 55 gold pieces
  2779 | D:3      | Bought a potion of curing for 33 gold pieces
  2837 | D:3      | Reached XP level 6. HP: 53/53 MP: 0/9
  3291 | D:4      | Reached skill level 5 in Axes
  3386 | D:4      | Found a white marble altar of Elyvilon.
  3408 | D:4      | Reached skill level 3 in Armour
  3408 | D:4      | Reached skill level 5 in Fire Magic
  3809 | D:4      | Found an ancient bone altar of Kikubaaqudgha.
  3811 | D:4      | Identified the ring of Faen {rElec rPois Dex+4 Slay+3 SInv}
  4063 | D:4      | Reached XP level 7. HP: 57/60 MP: 4/11
  4124 | D:4      | Found a runed translucent gate.
  4124 | D:4      | Found a runed translucent gate.
  4125 | D:4      | Found a runed translucent gate.
  4128 | D:4      | Noticed Lightli's ghost (amateur DrAr)
  4308 | D:4      | Reached skill level 5 in Fighting
  4521 | D:4      | Reached skill level 3 in Spellcasting
  5212 | D:5      | Entered Level 5 of the Dungeon
  5324 | D:5      | Reached skill level 6 in Axes
  5324 | D:5      | Reached skill level 4 in Armour
  5324 | D:5      | Reached skill level 6 in Fire Magic
  5350 | D:4      | Reached XP level 8. HP: 20/69 MP: 7/13
  6156 | D:5      | Reached skill level 6 in Fighting
  6237 | D:5      | Found a sparkling altar of Nemelex Xobeh.
  6320 | D:5      | Found Oceirgh's Gadget Gallery.
  6686 | D:6      | Noticed Grinder
  6693 | D:6      | Killed Grinder
  6694 | D:6      | Reached skill level 5 in Armour
  6702 | D:6      | Reached skill level 4 in Spellcasting
  6726 | D:6      | Found Haonuduw's Weapon Emporium.
  6804 | D:6      | Reached skill level 7 in Axes
  6804 | D:6      | Reached skill level 7 in Fire Magic
  6806 | D:6      | Found a glowing drain.
  6828 | Sewer    | Entered a sewer
  8295 | D:6      | Reached XP level 9. HP: 77/78 MP: 8/15
  9327 | D:7      | Noticed Maurice
  9347 | D:7      | Maurice stole 199 gold
  9349 | D:7      | Killed Maurice
  9589 | D:7      | Reached skill level 7 in Fighting
  9589 | D:7      | Reached skill level 6 in Armour
  9804 | D:7      | Found a staircase to the Ecumenical Temple.
 10094 | D:7      | Reached skill level 8 in Axes
 10481 | D:8      | Reached skill level 8 in Fire Magic
 10630 | D:8      | Reached skill level 5 in Spellcasting
 10992 | D:8      | Noticed a two-headed ogre
 10995 | D:8      | Noticed a two-headed ogre
 11085 | D:8      | Identified a potion of resistance
 11359 | D:8      | Reached XP level 10. HP: 88/88 MP: 5/18
 11367 | D:8      | Killed a two-headed ogre
 11368 | D:8      | Reached skill level 8 in Fighting
 11368 | D:8      | Reached skill level 7 in Armour
 11589 | D:8      | Killed a two-headed ogre
 11590 | D:8      | Reached skill level 9 in Axes
 11590 | D:8      | Reached skill level 9 in Fire Magic
 11654 | D:8      | Found Ziricwuxt's Antique Armour Emporium.
 11703 | D:8      | Bought a spiked helmet for 266 gold pieces
 11703 | D:8      | Identified the +0 helmet of the Lusting Gods {rF- rC+
                  | Will+} (You bought it in a shop on level 8 of the Dungeon)
 11766 | D:8      | Noticed Grum
 11851 | D:8      | Killed Grum
 12243 | D:7      | Reached skill level 6 in Spellcasting
 12248 | D:7      | Slain by a yak

Vanquished Creatures
  2 two-headed ogres (D:8)
  Maurice (D:7)
  Grinder (D:6)
  Sigmund (D:2)
  3 yaks (D:7)
  Grum (D:8)
  A steam dragon (D:8)
  3 water moccasins
  2 orc warriors
  4 black bears
  A sky beast (D:4)
  An ice beast (D:8)
  2 wolves
  6 ogres
  2 centaurs
  2 bullfrogs (Sewer)
  A gnoll sergeant (D:8)
  2 scorpions
  4 wights
  3 howler monkeys
  4 hounds
  5 orc priests
  2 bombardier beetles
  4 gnoll boudas
  A jelly (D:6)
  A sleepcap (D:5)
  3 iguanas
  5 orc wizards
  13 adders
  24 gnolls
  A shadow imp (D:4)
  2 ufetubi (D:7)
  9 dart slugs
  A ribbon worm (D:6)
  17 orcs
  15 ball pythons
  5 bats
  13 endoplasms
  14 giant cockroaches
  6 goblins
  8 hobgoblins
  2 jackals (D:2)
  4 kobolds
  6 quokkas
  15 frilled lizards
  4 rats
227 creatures vanquished.

Table legend: (Time is in decaauts)
 A = Elapsed time spent in this place.
 B = Non-inter-level travel time spent in this place.
 C = Inter-level travel time spent in this place.
 D = Time resting spent in this place.
 E = Time spent auto-exploring this place.
 F = Levels seen in this place.
 G = Mean time per level.
                   A        B        C        D        E       F      G
               +--------+--------+--------+--------+--------+-----+--------+
         Total |  12358 |  11956 |    402 |   2486 |   7513 |   9 | 1373.1 |
       Dungeon |  10986 |  10584 |    402 |   1785 |   7136 |   8 | 1373.2 |
         Sewer |   1371 |   1371 |      0 |    701 |    377 |   1 | 1371.0 |
               +--------+--------+--------+--------+--------+-----+--------+

Top non-repeatable levels by time:
     D:7: 2353 daAuts
     D:4: 1933 daAuts
     D:1: 1507 daAuts
     D:3: 1459 daAuts
   Sewer: 1371 daAuts
     D:6: 1196 daAuts
     D:5: 939 daAuts
     D:8: 837 daAuts
     D:2: 759 daAuts

Table legend:
 A = Non-vault XP
 B = Vault XP
 C = Vault XP percentage of total XP
 D = Non-vault monster count
 E = Vault monster count
 F = Vault count percentage of total count
                 A         B        C        D         E       F
            +---------+---------+-------+---------+---------+-------
      Total |    4142 |    4800 |  53.7 |     137 |      90 |  39.6
            +---------+---------+-------+---------+---------+-------
        D:1 |      34 |       0 |   0.0 |      19 |       0 |   0.0
        D:2 |      24 |     226 |  90.4 |      15 |       1 |   6.2
        D:3 |     131 |       5 |   3.7 |      18 |       3 |  14.3
        D:4 |     946 |       0 |   0.0 |      29 |       0 |   0.0
        D:5 |     556 |       0 |   0.0 |      15 |       0 |   0.0
        D:6 |     403 |     281 |  41.1 |      14 |       2 |  12.5
        D:7 |    1433 |     869 |  37.7 |      21 |      10 |  32.3
        D:8 |     615 |    3096 |  83.4 |       6 |      25 |  80.6
      Sewer |       0 |     323 | 100.0 |       0 |      49 | 100.0
            +---------+---------+-------+---------+---------+-------
